 Dungeon Crawl Stone Soup version 0.30-a0-728-gc68057be0a (webtiles) character file.

Game seed: 15030362221743257685

3089 kae the Frost Mage (level 9, -1/53 (57) HPs)
             Began as a Merfolk Ice Elementalist on Jan 31, 2023.
             Was an Initiate of Sif Muna.
             Slain by a wight
             ... wielding a +0 battleaxe
              (2 damage)
             ... on level 7 of the Dungeon.
             The game lasted 00:09:14 (7914 turns).

kae the Frost Mage (Merfolk Ice Elementalist)       Turns: 7914, Time: 00:09:15

HP:   -1/53 (57)    AC: 15    Str:  8    XL:     9   Next: 89%
MP:   27/28         EV: 12    Int: 18    God:    Sif Muna [......]
Gold: 314           SH:  0    Dex: 15    Spells: 9/22 levels left

rFire   . . .      SeeInvis .    t - staff of cold {!a}
rCold   + . .      Faith    .    (no shield)
rNeg    . . .      Spirit   .    y - +0 steam dragon scales
rPois   .          Reflect  .    (no helmet)
rElec   .          Harm     .    (no cloak)
rCorr   .          Rampage  .    (no gloves)
Will    +....                    (no boots)
Stlth   ++                       z - amulet of magic regeneration
HPRegen 0.28/turn                W - ring of magical power
MPRegen 0.61/turn                i - ring of willpower

@: ice-armoured, freezing walls, drained
A: (nimble swimmer 2), mertail
a: Renounce Religion


You were on level 7 of the Dungeon.
You worshipped Sif Muna.
Sif Muna was noncommittal.
You visited 2 branches of the dungeon, and saw 8 of its levels.

You collected 314 gold pieces.


Innate Abilities, Weirdness & Mutations

((You are very nimble when in or above water. (Stealth+, EV+, Speed+++)))
Your lower body shifts to a powerful aquatic tail in water.


   Skills:
 - Level 2.6 Dodging
 - Level 2.1 Stealth
 + Level 7.0 Spellcasting
 - Level 4.0 Summonings
 * Level 12.2 Ice Magic


You had 9 spell levels left.
You knew the following spells:

 Your Spells              Type           Power      Damage    Failure   Level
a - Freeze                Ice            100%       1d10      1%          1
b - Frozen Ramparts       Ice            100%       1d16      1%          3
c - Ozocubu's Armour      Ice            66%        N/A       1%          3
d - Ensorcelled Hibernat  Hex/Ice        84%        N/A       1%          2
e - Summon Ice Beast      Ice/Summ       52%        N/A       3%          4

Your spell library contained the following spells:

 Spells                   Type           Power      Damage    Failure   Level
 Summon Small Mammal      Summ           80%        N/A       1%          1
 Apportation              Tloc           12%        N/A       11%         1
 Necrotise                Necr           24%        1d5       11%         1
 Passwall                 Tmut/Erth      5%         N/A       16%         2
 Swiftness                Air            6%         N/A       32%         3
 Vhi's Electric Charge    Tloc/Air       12%        N/A       32%         3
 Arcjolt                  Conj/Air       3%         1d13      96%         5
 Maxwell's Capacitive Co  Air            3%         โˆž       100%        8

Inventory:

Hand Weapons
 d - a +1 whip of holy wrath
   (You found it on level 1 of the Dungeon)
Missiles
 h - 59 stones
 s - 2 poisoned darts
 v - 2 boomerangs
 x - a boomerang of dispersal {=f!f}
Armour
 a - a +1 robe
 y - +0 steam dragon scales (worn)
   (You found it on level 6 of the Dungeon)
Magical Staves
 r - a staff of poison {!a}
   (You found it on level 6 of the Dungeon)
 t - a staff of cold (weapon) {!a}
   (You found it on level 3 of the Dungeon)
 u - a staff of death {!a}
   (You found it on level 4 of the Dungeon)
Jewellery
 f - a ring of fire
   (You found it on level 4 of the Dungeon)
 i - a ring of willpower (right hand)
   (You found it on level 1 of the Dungeon)
 z - an amulet of magic regeneration (around neck)
   (You found it on level 6 of the Dungeon)
 F - a ring of fire
   (You found it on level 3 of the Dungeon)
 W - a ring of magical power (left hand)
   (You found it on level 1 of the Dungeon)
Wands
 o - a wand of iceblast (14)
   (You found it on level 3 of the Dungeon)
Scrolls
 j - 2 scrolls of magic mapping {!r}
 l - 2 scrolls of teleportation {@r4}
 B - a scroll of vulnerability {!r!r}
Potions
 b - 2 potions of magic
 c - 2 potions of resistance
 e - a potion of degeneration {unknown}
 g - 3 potions of curing {@q1}
 k - a potion of cancellation
 m - 3 potions of flight
 n - a potion of haste {@q3}
 p - a potion of attraction {unknown}
 q - 2 potions of invisibility {unknown}
 w - 3 potions of brilliance {unknown}
 A - a potion of might {unknown}
 C - a potion of lignification {unknown}

Dungeon Overview and Level Annotations

Branches:
Dungeon (7/15) Zot: 26283  Temple (1/1) D:6 Zot: 5755

Altars:
Ashenzari
Cheibriados
Dithmenos
Elyvilon
Fedhas
Gozag
Hepliaklqana
Makhleb
Nemelex Xobeh
Okawaru
Qazlal
Ru
Sif Muna
Trog
Uskayaw
Vehumet
Wu Jian
Xom
Yredelemnul
Zin
The Shining One

Shops:
D:7 [

Annotations:
D:4 exclusion: steam dragon

#.# #.# #.#
#.# #.# #.#
#.#
..######ยง#
.......z@#
#.########


You could see a wight.


Message History

The wall freezes the wight but does no damage.
The wight hits you with a +0 battleaxe.
You feel drained. The wight barely misses your ice beast.
Your ice beast hits the wight but does no damage.
The wight completely resists.
The wall freezes the wight but does no damage.
The wight barely misses your ice beast.
The wight hits you but does no damage. ๐Ÿ˜ฎ MP[+1]
You now have 54 max hp (-1).
You hit the wight. Your punch misses the wight.
Your ice beast hits the wight.
Your ice beast freezes the wight.
The wight completely resists. x2
The wall freezes the wight but does no damage.
The wight hits you with a +0 battleaxe!
* * * LOW HITPOINT WARNING * * *
The wight hits your ice beast with a +0 battleaxe.
Your ice beast hits the wight.
Your ice beast freezes the wight.
The wight completely resists. ๐Ÿ˜จ HP[-11]
You take 11 damage, and now have 19/54 hp.
MASSIVE DAMAGE!! (PAUSE)
You hit the wight but do no damage.
The wight completely resists.
The wall freezes the wight but does no damage.
The wight hits you but does no damage. The wight barely misses your ice beast.
Your ice beast hits the wight.
Your ice beast freezes the wight.
The wight completely resists. ๐Ÿ˜จ MP[+1] Unknown command.
You hit the wight.
The wight completely resists.
The wall freezes the wight but does no damage.
The wight barely misses your ice beast. The wight hits you with a +0 battleaxe.
* * * LOW HITPOINT WARNING * * *
Your ice beast closely misses the wight. ๐Ÿ˜จ HP[-2] MP[+1]
You take 2 damage, and now have 17/54 hp.
You hit the wight but do no damage.
The frozen ramparts melt away.
The wight closely misses your ice beast.
The wight barely misses you.
Your ice beast hits the wight.
Your ice beast freezes the wight.
The wight completely resists. ๐Ÿ˜จ MP[+1]
Your mp is fully restored (28).
Unknown command.
You hit the wight but do no damage. The wight barely misses you.
The wight hits your ice beast with a +0 battleaxe.
Your ice beast hits the wight but does no damage.
The wight hits your ice beast with a +0 battleaxe.
The wight barely misses you.
A wight is nearby!
Unknown command.
You hit the wight.
Your ice beast barely misses the wight.
The wight closely misses you.
The wight completely misses your ice beast.
Your ice beast hits the wight but does no damage. ๐Ÿ˜จ HP[+1] Unknown command.
You hit the wight but do no damage. The wight completely misses you.
The wight barely misses your ice beast.
Your ice beast barely misses the wight.
Casting: Ozocubu's Armour (safe; 1% risk of failure)
Confirm with . or Enter, or press ? or * to list all spells.
Casting: Frozen Ramparts (safe; 1% risk of failure)
Press: ? - help, Dir - look around, f - activate You feel a surge of power!
The walls around you are covered in ice.
The wight completely resists.
The wall freezes the wight but does no damage.
The wight hits you with a +0 battleaxe.
* * * LOW HITPOINT WARNING * * *
The wight hits your ice beast but does no damage.
Your ice beast hits the wight but does no damage. ๐Ÿ˜จ HP[-2] MP[-3]
You take 2 damage, and now have 16/54 hp.
You lost 3 mp, and now have 25/28 mp.
Unknown command.
You barely miss the wight.
The wight completely resists.
The wall freezes the wight but does no damage.
The wight closely misses you.
The wight closely misses your ice beast.
Your ice beast barely misses the wight. ๐Ÿ˜จ HP[+1] MP[+1]
You hit the wight.
The wight completely resists.
The wall freezes the wight but does no damage.
The wight hits you with a +0 battleaxe.
* * * LOW HITPOINT WARNING * * *
The wight barely misses your ice beast.
Your ice beast hits the wight but does no damage. ๐Ÿ˜ฑ HP[-6] MP[+1]
You take 6 damage, and now have 11/54 hp.
Unknown command.
You completely miss the wight.
The wight completely resists.
The wall freezes the wight but does no damage.
The wight hits you with a +0 battleaxe!
* * * LOW HITPOINT WARNING * * *
You feel drained.
* * * LOW HITPOINT WARNING * * *
The wight hits your ice beast with a +0 battleaxe!
Your ice beast dies!
Your ice beast disappears in a puff of smoke!
The wall freezes the wight but does no damage.
The wight hits you with a +0 battleaxe.
You die...

Skill      XL: |  1  2  3  4  5  6  7  8  9 |
---------------+----------------------------+-----
Ice Magic      | 5 6 7 9 10 12 | 12.2
Spellcasting   | 3 4 5 7 |  7.0
Summonings     | 3 4 |  4.0
Dodging        | |  2.6
Stealth        | |  2.1

Action                     |  1- 3 |  4- 6 |  7- 9 || total
---------------------------+-------+-------+-------++-------
  Melee: Whip              |    22 |    15 |       ||    37
         Punch             |     1 |     1 |     5 ||     7
         Staff             |       |    45 |   189 ||   234
   Cast: Freeze            |    56 |    62 |   105 ||   223
         Frozen Ramparts   |       |     8 |    33 ||    41
         Ozocubu's Armour  |       |     8 |    21 ||    29
         Summon Ice Beast  |       |       |     5 ||     5
    Use: Scroll            |     4 |     8 |     3 ||    15
         Potion            |       |       |     1 ||     1
   Stab: Sleeping          |     3 |       |       ||     3
 Armour: Robe              |     8 |    34 |    49 ||    91
         Steam dragon scal |       |       |    65 ||    65
  Dodge: Dodged            |    45 |    76 |   213 ||   334

Levels and vault maps discovered:
D:1:      nzn_arrival_water_spiral, layout_basic, grunt_decor_one_mirror
D:2:      layout_loops_corners, hellmonk_ecumenical_altar_arch_garden
D:3:      layout_basic, mainiacjoe_overflow_surrounded_room,
          mainiacjoe_overflow_cross_hatched
D:4:      layout_basic, nemelex_altar_shiori, kennysheep_flooded_box
D:5:      layout_rooms, lemuel_mausoleum_altar_yredelemnul
D:6:      layout_loops_corners, minmay_temple_entry_crystal_x, uniq_grinder
D:7:      minmay_general_purpose_star, layout_basic, kennysheep_vampire_church,
          xom_teletrap_fun, mainiacjoe_overflow_paths,
          gammafunk_temple_overflow_forgotten, serial_shops,
          nicolae_shop_hallway_stairs, nrook_mini_backslash,
          dreamdust_gnoll_shepherd
Temple:   nicolae_temple_slightly_damp_pantheon

Notes
Turn   | Place    | Note
-------+----------+-------------------------------------------
     0 | D:1      | kae the Merfolk Ice Elementalist began the quest for the
                  | Orb.
     0 | D:1      | Reached XP level 1. HP: 13/13 MP: 3/3
     0 | D:1      | magus.rc [v1.11.3]
   123 | D:1      | Reached XP level 2. HP: 19/19 MP: 0/5
   175 | D:1      | You pick up a book of Cantrips and begin reading...
   175 | D:1      | You add the spells Necrotise, Summon Small Mammal and
                  | Apportation to your library.
   342 | D:1      | Reached skill level 5 in Ice Magic
   584 | D:2      | Reached XP level 3. HP: 24/24 MP: 4/6
   618 | D:2      | Learned a level 3 spell: Frozen Ramparts
   712 | D:2      | Found a faded altar of an unknown god.
  1353 | D:2      | Reached XP level 4. HP: 30/30 MP: 3/8
  1681 | D:3      | You pick up a book of Burglary and begin reading...
  1681 | D:3      | You add the spells Passwall, Ensorcelled Hibernation and
                  | Swiftness to your library.
  1728 | D:3      | Learned a level 3 spell: Ozocubu's Armour
  1779 | D:3      | Found an opulent altar of Gozag.
  1819 | D:3      | Noticed a scorpion
  1829 | D:3      | Killed a scorpion
  1830 | D:3      | Reached skill level 3 in Spellcasting
  1830 | D:3      | Reached skill level 6 in Ice Magic
  1830 | D:3      | Reached XP level 5. HP: 20/35 MP: 8/9
  1975 | D:3      | Found a blossoming altar of Fedhas.
  2574 | D:4      | Noticed a steam dragon
  2583 | D:4      | You add the spells Vhi's Electric Charge, Arcjolt and
                  | Maxwell's Capacitive Coupling to your library.
  2770 | D:4      | Noticed a phantom
  2804 | D:4      | Killed a phantom
  2805 | D:4      | Reached XP level 6. HP: 18/41 MP: 0/11
  3031 | D:4      | Reached skill level 7 in Ice Magic
  3222 | D:4      | Found a sparkling altar of Nemelex Xobeh.
  3562 | D:5      | Entered Level 5 of the Dungeon
  3567 | D:5      | Learned a level 2 spell: Ensorcelled Hibernation
  3737 | D:5      | Reached skill level 4 in Spellcasting
  3760 | D:5      | Reached XP level 7. HP: 29/46 MP: 7/13
  4044 | D:5      | Reached skill level 8 in Ice Magic
  4351 | D:5      | HP: 11/44 [human zombie (7)]
  4609 | D:5      | Found a basalt altar of Yredelemnul.
  4967 | D:5      | Reached skill level 9 in Ice Magic
  4967 | D:5      | Reached XP level 8. HP: 44/52 MP: 10/15
  5058 | D:5      | Learned a level 4 spell: Summon Ice Beast
  5085 | D:6      | Reached skill level 5 in Spellcasting
  5085 | D:6      | Reached skill level 1 in Summonings
  5301 | D:6      | Found a staircase to the Ecumenical Temple.
  5734 | D:6      | Reached skill level 2 in Summonings
  5977 | D:6      | Noticed Grinder
  5987 | D:6      | Reached skill level 10 in Ice Magic
  6051 | D:6      | Killed Grinder
  6173 | D:6      | Reached skill level 3 in Summonings
  6200 | D:6      | Reached XP level 9. HP: 45/57 MP: 17/17
  6282 | D:6      | Reached skill level 6 in Spellcasting
  6969 | D:7      | Noticed a hornet
  6971 | D:7      | Reached skill level 4 in Summonings
  6971 | D:7      | Reached skill level 11 in Ice Magic
  6974 | D:7      | Paralysed by a hornet for 3 turns
  6978 | D:7      | Killed a hornet
  6978 | D:7      | HP: 9/57 [poisoned by a hornet]
  7184 | D:7      | Found a shadowy altar of Dithmenos.
  7184 | D:7      | Found a glowing golden altar of the Shining One.
  7184 | D:7      | Found an iron altar of Okawaru.
  7232 | Temple   | Entered the Ecumenical Temple
  7458 | Temple   | Became a worshipper of Sif Muna the Loreminder
  7489 | D:7      | Found a shimmering altar of Xom.
  7515 | D:7      | HP: 10/57 [gnoll/+0 halberd[a gnoll sergeant] (6)]
  7518 | D:7      | Reached skill level 12 in Ice Magic
  7522 | D:7      | HP: 11/57 [gnoll sergeant/+0 trident (1)]
  7705 | D:7      | Found a hazy altar of Hepliaklqana.
  7725 | D:7      | Reached skill level 7 in Spellcasting
  7781 | D:7      | Found Sybeifi's Antique Armour Shop.
  7913 | D:7      | HP: 11/54 [wight/+0 battleaxe (6)]
  7914 | D:7      | HP: 3/54 [wight/+0 battleaxe (8)]
  7914 | D:7      | HP: 1/53 [wight/+0 battleaxe (2)]
  7914 | D:7      | Slain by a wight

Vanquished Creatures
  Grinder (D:6)
  A hornet (D:7)
  3 dream sheep (D:7)
  A steam dragon (D:6)
  An ice beast (D:6)
  2 orc warriors (D:7)
  A black bear (D:6)
  3 centaurs
  A phantom (D:4)
  A gnoll sergeant (D:7)
  3 necrophages (D:5)
  3 scorpions
  3 wights
  2 gnoll boudas
  2 hounds
  A jelly (D:6)
  A human zombie (D:5)
  2 orc priests (D:6)
  2 iguanas (D:5)
  4 orc wizards
  A hound zombie (D:5)
  5 mummies (D:5)
  6 gnolls
  9 adders
  A shadow imp (D:6)
  A white imp (D:7)
  An adder zombie (D:5)
  A worm (D:3)
  3 dart slugs
  22 orcs
  6 bats
  7 endoplasms
  4 giant cockroaches
  7 goblins
  8 hobgoblins
  12 jackals
  4 quokkas (D:2)
  2 ball pythons
  3 frilled lizards
  5 kobolds
  8 rats
154 creatures vanquished.

Vanquished Creatures (collateral kills)
  A gnoll (D:7)
  An orc (D:7)
2 creatures vanquished.

Vanquished Creatures (others)
  A plant (D:7)
1 creature vanquished.

Grand Total: 157 creatures vanquished

Table legend:
 A = Non-vault XP
 B = Vault XP
 C = Vault XP percentage of total XP
 D = Non-vault monster count
 E = Vault monster count
 F = Vault count percentage of total count
                 A         B        C        D         E       F
            +---------+---------+-------+---------+---------+-------
      Total |    2847 |    1566 |  35.5 |     139 |      17 |  10.9
            +---------+---------+-------+---------+---------+-------
        D:1 |      33 |       0 |   0.0 |      20 |       0 |   0.0
        D:2 |      53 |       0 |   0.0 |      24 |       0 |   0.0
        D:3 |     134 |       0 |   0.0 |      19 |       0 |   0.0
        D:4 |     150 |       0 |   0.0 |      12 |       0 |   0.0
        D:5 |     369 |     481 |  56.6 |      20 |      12 |  37.5
        D:6 |    1173 |     281 |  19.3 |      25 |       1 |   3.8
        D:7 |     935 |     804 |  46.2 |      19 |       4 |  17.4
            +---------+---------+-------+---------+---------+-------

Illustrated notes

Table legend:
 A = Kills in this place as a percentage of kills in entire the game.
 B = Kills by you in this place as a percentage of kills by you in the entire game.
 C = Kills by friends in this place as a percentage of kills by friends in the entire game.
 D = Other kills in this place as a percentage of other kills in the entire game.
 E = Experience gained in this place as a percentage of experience gained in the entire game.
 F = Experience gained in this place divided by the number of levels of this place that you have seen.
                   A       B       C       D       E      F
               +-------+-------+-------+-------+-------+----------------------
         Total | 100.0 | 100.0 | 100.0 |   N/A | 100.0 | 551.6
       Dungeon | 100.0 | 100.0 | 100.0 |   N/A | 100.0 | 630.4
               +-------+-------+-------+-------+-------+----------------------

Table legend: (Time is in decaauts)
 A = Elapsed time spent in this place.
 B = Non-inter-level travel time spent in this place.
 C = Inter-level travel time spent in this place.
 D = Time resting spent in this place.
 E = Time spent auto-exploring this place.
 F = Levels seen in this place.
 G = Mean time per level.
                   A        B        C        D        E       F      G
               +--------+--------+--------+--------+--------+-----+--------+
         Total |   7959 |   7719 |    240 |    778 |   5570 |   8 |  994.9 |
       Dungeon |   7714 |   7505 |    209 |    778 |   5369 |   7 | 1102.0 |
        Temple |    244 |    214 |     30 |      0 |    201 |   1 |  244.0 |
               +--------+--------+--------+--------+--------+-----+--------+

Top non-repeatable levels by time:
     D:6: 1924 daAuts
     D:5: 1382 daAuts
     D:4: 1236 daAuts
     D:2: 997 daAuts
     D:3: 944 daAuts
     D:7: 694 daAuts
     D:1: 535 daAuts
  Temple: 244 daAuts
